 Dungeon Crawl Stone Soup version 0.25.1-1-g288607f5aa (webtiles) character file.

Game seed: 2871194681066973242

21 protoss039 the Digger (level 2, -2/15 HPs)
             Began as a Deep Elf Earth Elementalist on July 21, 2020.
             Killed from afar by a white imp (9 damage)
             ... with a puff of frost
             ... summoned by Natasha
             ... on level 2 of the Dungeon.
             The game lasted 00:01:42 (1448 turns).

protoss039 the Digger (Deep Elf Earth Elementalist) Turns: 1448, Time: 00:01:42

Health: -2/15      AC:  2    Str:  5    XL:     2   Next: 65%
Magic:  8/8        EV: 13    Int: 19    God:
Gold:   41         SH:  0    Dex: 15    Spells: 6/7 levels left

rFire    . . .     SeeInvis .   a - +1 short sword (protect)
rCold    . . .     Gourm    .   (no shield)
rNeg     . . .     Faith    .   c - +0 robe
rPois    .         Spirit   .   (no helmet)
rElec    .         Reflect  .   (no cloak)
rCorr    .         Harm     .   (no gloves)
MR       .....                  (no boots)
Stlth    ++........             (no amulet)
HPRegen  0.05/turn              (no ring)
MPRegen  0.11/turn              (no ring)

@: no status effects
A: no striking features
a: no special abilities


You were on level 2 of the Dungeon.
You were not hungry.

You visited 1 branch of the dungeon, and saw 2 of its levels.

You collected 41 gold pieces.

Inventory:

Hand Weapons
 a - a +1 short sword of protection (weapon)
Missiles
 b - 24 stones (quivered)
Armour
 c - a +0 robe (worn)
Jewellery
 j - a cursed amulet of inaccuracy {unknown}
Scrolls
 e - a scroll of remove curse {unknown}
 f - a scroll of enchant armour {unknown}
 h - 4 scrolls of identify {unknown}
 k - a scroll of amnesia {unknown}
Potions
 g - a potion of flight {unknown}
Comestibles
 d - 2 rations
 i - 4 chunks of flesh


   Skills:
 * Level 2.9 Dodging
 - Level 3.0 Stealth
 + Level 3.2 Spellcasting
   Level 1.1 Transmutations
 + Level 3.7 Earth Magic


You had 6 spell levels left.
You knew the following spells:

 Your Spells              Type           Power        Failure   Level  Hunger
a - Sandblast             Erth           ###...       3%          1    None

Your spell library contained the following spells:

 Spells                   Type           Power        Failure   Level  Hunger
 Passwall                 Tmut/Erth      ##......     9%          2    ##.....
 Stone Arrow              Conj/Erth      ##....       21%         3    ###....
 Petrify                  Tmut/Erth      ##......     50%         4    ####...
 Lee's Rapid Deconstruct  Erth           ###.......   65%         5    ######.


Dungeon Overview and Level Annotations

Branches:
Dungeon (2/15)

Altars:

Annotations:
D:2 Natasha


Message History

Natasha mumbles some strange words.
Casting: Sandblast (safe; 3% risk of failure)
Confirm with . or Enter, or press ? or * to list all spells.
Aiming: Sandblast (safe; 3% risk of failure)
Press: ? - help, Shift-Dir - straight line, f - white imp
Aim: a white imp (summoned)
Okay, then.
You barely miss Natasha.
The frilled lizard hisses angrily.
Natasha claws you but does no damage. The white imp gestures at you.
The puff of frost hits you!
Ouch! That really hurt!
Unknown command.
Unknown command.
You closely miss Natasha. Natasha misses you. The white imp gestures at you.
The puff of frost hits you!
Ouch! That really hurt!
You die...

.............
...........# g
#....l.....# ..
#..........# ...
#..........#
...#..........##..#
#.....h.....##..#
#....5@...(..#..#
#............#..#
#.......)....#..#
#......###...#..#
#......# #...#..#
#......# ##.##รท.#
.# ######## #.##..#
.# ####### #.....#
#.# ......# ####
####...###.#


You could see Natasha, a white imp (summoned) and a frilled lizard.

Vanquished Creatures
  A worm (D:2)
  A leopard gecko (D:2)
  2 goblins (D:1)
  5 hobgoblins
  A kobold (D:1)
  2 frilled lizards
  5 rats
17 creatures vanquished.

Notes
Turn   | Place    | Note
-------+----------+-------------------------------------------
     0 | D:1      | protoss039 the Deep Elf Earth Elementalist began the quest
                  | for the Orb.
     0 | D:1      | Reached XP level 1. HP: 10/10 MP: 6/6
   601 | D:1      | Reached XP level 2. HP: 15/15 MP: 8/8
  1257 | D:2      | Noticed Natasha
  1448 | D:2      | Killed from afar by a white imp

Illustrated notes

Levels and vault maps discovered:
D:1:      giann_wishing_wells, layout_loops_corners
D:2:      layout_basic, minmay_crystal_water, grunt_ministairs_1, uniq_robin,
          uniq_natasha

Skill      XL: |  1  2 |
---------------+-------+-----
Stealth        | 3 |  3.0
Dodging        | |  2.9
Spellcasting   | |  3.2
Transmutations | |  1.1
Earth Magic    | |  3.7

Action                   || total
-------------------------++-------
Melee: Short sword       ||    59
       Unarmed           ||     1
 Cast: Sandblast         ||    11
 Stab: Sleeping          ||     3
  Eat: Chunk             ||     2
Armor: Robe              ||    17
Dodge: Dodged            ||    35
